PCL
ALBUQUERQUE ISOTOPES @ MILE HIGH BRONCOS
09/09/2024
 
TOP OF THE 1ST
Albuquerque Isotopes batting - Pitching for Mile High Broncos : LHP Mark Stewart
Pitching: LHP Mark Stewart
Batting: LHB A.J. Major 0-0: Ball
1-0: Ground out 6-3 (Groundball, 6)
Batting: RHB Juan Vareas 0-0: Ball
1-0: Swinging Strike
1-1: Foul Ball, location: 2F
1-2: Ball
2-2: Ball
3-2: Base on Balls
Batting: RHB Edward Young 0-0: Foul Ball, location: 2F
0-1: Ball
1-1: Ball
2-1: Foul Ball, location: 2F
2-2: Reached on error, E5 (Groundball, 5S)
Juan Vareas to second
Batting: LHB Juan Carlos Sánchez 0-0: Called Strike
0-1: Ball
1-1: Foul Ball, location: 2F
1-2: DOUBLE (Groundball, 5L)
Juan Vareas scores
Edward Young to third
Batting: SHB Lee Townsend 0-0: Ball
1-0: Ball
Wild Pitch!
Edward Young scores
Juan Carlos Sánchez to third
2-0: Foul Ball, location: 2F
2-1: DOUBLE (Line Drive, 7LS)
Juan Carlos Sánchez scores
Batting: RHB Alfonso Huertas 0-0: Ball
1-0: Foul Ball, location: 2F
1-1: Called Strike
1-2: DOUBLE (Flyball, 78M)
Lee Townsend scores
Batting: LHB Mark Vestal 0-0: Ball
1-0: Called Strike
1-1: Ground out 4-3 (Groundball, 4)
Alfonso Huertas to third
Batting: SHB Tony McLaughlin 0-0: Called Strike
0-1: Ball
1-1: Foul Ball, location: 2F
1-2: Reached on error, E5 (Groundball, 5)
Alfonso Huertas scores
Batting: RHB Juan Barrera 0-0: Called Strike
0-1: Fly out, F8 (Flyball, 8RD)
Top of the 1st over - 5 run(s), 3 hit(s), 2 error(s), 1 left on base; Albuquerque 5 - Mile High 0
BOTTOM OF THE 1ST
Mile High Broncos batting - Pitching for Albuquerque Isotopes : RHP César De La Cruz
Pitching: RHP César De La Cruz
Batting: RHB Michael MacDonald 0-0: Ball
1-0: Ball
2-0: Swinging Strike
2-1: Foul Ball, location: 2F
2-2: Strikes out swinging
Batting: LHB Tony Báez 0-0: Foul Ball, location: 2F
0-1: Ball
1-1: Ball
2-1: Fly out, F8 (Flyball, 8RXD)
Batting: RHB José Herrera 0-0: Ball
1-0: SINGLE (Line Drive, 34D)
Batting: LHB Juan Medina 0-0: Ball
1-0: Called Strike
1-1: Swinging Strike
1-2: Ball
2-2: Foul Ball, location: 2F
2-2: Ball
Throwing error on steal attempt, E2
José Herrera to third
3-2: Foul Ball, location: 2F
3-2: Ground out 4-3 (Groundball, 4M)
Bottom of the 1st over - 0 run(s), 1 hit(s), 1 error(s), 1 left on base; Albuquerque 5 - Mile High 0
TOP OF THE 2ND
Albuquerque Isotopes batting - Pitching for Mile High Broncos : LHP Mark Stewart
Batting: LHB A.J. Major 0-0: Foul Ball, location: 2F
0-1: DOUBLE (Groundball, 3L)
Batting: RHB Juan Vareas 0-0: Ball
1-0: Swinging Strike
1-1: Ball
2-1: SINGLE (Line Drive, 89S)
A.J. Major to third
Batting: RHB Edward Young 0-0: Called Strike
0-1: Ball
1-1: Called Strike
1-2: Foul Ball, location: 2F
1-2: Ball
2-2: SINGLE (Flyball, 89M)
A.J. Major scores
Juan Vareas to second
Runner from 2nd tries for 3rd, SAFE, throw made to third
Batting: LHB Juan Carlos Sánchez 0-0: Ball
1-0: Fly out, F5 (Popup, 5D)
Batting: SHB Lee Townsend 0-0: Swinging Strike
0-1: Called Strike
0-2: Foul Ball, location: 2F
0-2: Strikes out swinging
Batting: RHB Alfonso Huertas 0-0: Ball
1-0: Swinging Strike
1-1: Ball
2-1: Ground out 4-3 (Groundball, 4)
Top of the 2nd over - 1 run(s), 3 hit(s), 0 error(s), 2 left on base; Albuquerque 6 - Mile High 0
BOTTOM OF THE 2ND
Mile High Broncos batting - Pitching for Albuquerque Isotopes : RHP César De La Cruz
Batting: LHB Bill Houston 0-0: Called Strike
0-1: Ball
1-1: Ball
2-1: SINGLE (Groundball, 6MD)
Batting: RHB Su-kweon Yu 0-0: Ball
1-0: Swinging Strike
1-1: Ball
2-1: Foul Ball, location: 2F
2-2: SINGLE (Groundball, 34)
Bill Houston to second
Runner from 2nd tries for 3rd, SAFE, throw made to third
Batting: SHB Tom Stevens 0-0: Ball
1-0: Foul Ball, location: 2F
1-1: Ball
2-1: Fielders Choice at 2nd, 3-6 (Groundball, 3)
Bill Houston scores
Batting: RHB Juan Gonzáles 0-0: Called Strike
0-1: Ball
Wild Pitch!
Tom Stevens to second
1-1: Ball
2-1: Ball
3-1: SINGLE (Line Drive, 89S)
Tom Stevens to third
Batting: RHB Francisco Medina 0-0: Grounds into double play, 5-4-3 (Groundball, 56)
Bottom of the 2nd over - 1 run(s), 3 hit(s), 0 error(s), 1 left on base; Albuquerque 6 - Mile High 1
TOP OF THE 3RD
Albuquerque Isotopes batting - Pitching for Mile High Broncos : LHP Mark Stewart
Batting: LHB Mark Vestal 0-0: Called Strike
0-1: Swinging Strike
0-2: Strikes out swinging
Batting: SHB Tony McLaughlin 0-0: Ball
1-0: Called Strike
1-1: Ball
2-1: Reached on error, E6 (Groundball, 6)
Batting: RHB Juan Barrera 0-0: Fly out, F3 (Popup, 3L)
Batting: LHB A.J. Major 0-0: Called Strike
0-1: Ball
1-1: SINGLE (Groundball, 4MD)
Tony McLaughlin to third
Runner from 3rd tries for Home, SAFE, no throw or cutoff
Batting: RHB Juan Vareas 0-0: Ball
1-0: DOUBLE (Groundball, 5L)
A.J. Major to third
Runner from 3rd tries for Home, SAFE, no throw or cutoff
Pitching: RHP Todd Clark
Batting: RHB Edward Young 0-0: Ball
1-0: Swinging Strike
1-1: Ball
2-1: Called Strike
2-2: Foul Ball, location: 2F
2-2: Ball
3-2: Foul Ball, location: 2F
3-2: Ground out 6-3 (Groundball, 6)
Top of the 3rd over - 2 run(s), 2 hit(s), 1 error(s), 1 left on base; Albuquerque 8 - Mile High 1
BOTTOM OF THE 3RD
Mile High Broncos batting - Pitching for Albuquerque Isotopes : RHP César De La Cruz
Batting: RHB Michael MacDonald 0-0: Ball
1-0: Ball
2-0: Called Strike
2-1: Foul Ball, location: 2F
2-2: Ball
3-2: Foul Ball, location: 2F
3-2: Foul Ball, location: 2F
Single, Error in OF, E7, batter to second base
Batting: LHB Tony Báez 0-0: Called Strike
0-1: Ball
1-1: Ball
2-1: Foul Ball, location: 2F
2-2: SINGLE (Groundball, 6S)
Michael MacDonald to third
Batting: RHB José Herrera 0-0: Ball
Tony Báez is caught stealing 2nd base
1-0: Ground out 5-3 (Groundball, 5S)
Batting: LHB Juan Medina 0-0: Foul Ball, location: 2F
0-1: Fly out, F5 (Popup, 5DF)
Bottom of the 3rd over - 0 run(s), 2 hit(s), 1 error(s), 1 left on base; Albuquerque 8 - Mile High 1
TOP OF THE 4TH
Albuquerque Isotopes batting - Pitching for Mile High Broncos : RHP Todd Clark
Batting: LHB Juan Carlos Sánchez 0-0: Called Strike
0-1: Ball
1-1: Ball
2-1: Fly out, F8 (Flyball, 8LXD)
Batting: SHB Lee Townsend 0-0: Foul Ball, location: 2F
0-1: Ball
1-1: Ball
2-1: Ground out 4-3 (Groundball, 4S)
Batting: RHB Alfonso Huertas 0-0: Called Strike
0-1: Ball
1-1: Ball
2-1: Ball
3-1: Base on Balls
Batting: LHB Mark Vestal 0-0: SINGLE (Groundball, 4MD)
Alfonso Huertas to second
Runner from 2nd tries for 3rd, SAFE, no throw or cutoff
Batting: SHB Tony McLaughlin 0-0: Foul Ball, location: 2F
0-1: Swinging Strike
0-2: Ball
1-2: Ball
2-2: Ball
3-2: Fly out, F7 (Flyball, 78D)
Top of the 4th over - 0 run(s), 1 hit(s), 0 error(s), 2 left on base; Albuquerque 8 - Mile High 1
BOTTOM OF THE 4TH
Mile High Broncos batting - Pitching for Albuquerque Isotopes : RHP César De La Cruz
Batting: LHB Bill Houston 0-0: Called Strike
0-1: Ball
1-1: Ground out U3 (Groundball, 3S)
Batting: RHB Su-kweon Yu 0-0: TRIPLE (Line Drive, 9LS)
Batting: SHB Tom Stevens 0-0: Ball
1-0: Called Strike
1-1: Foul Ball, location: 2F
1-2: Fly out, F7 (Flyball, 7LM)
Batting: RHB Juan Gonzáles 0-0: Ball
1-0: Called Strike
1-1: Ball
2-1: SINGLE (Line Drive, 56D)
Su-kweon Yu scores
Batting: RHB Francisco Medina 0-0: Ball
1-0: Foul Ball, location: 2F
1-1: Ground out 6-3 (Groundball, 56)
Bottom of the 4th over - 1 run(s), 2 hit(s), 0 error(s), 1 left on base; Albuquerque 8 - Mile High 2
TOP OF THE 5TH
Albuquerque Isotopes batting - Pitching for Mile High Broncos : RHP Todd Clark
Batting: RHB Juan Barrera 0-0: Foul Ball, location: 2F
0-1: Foul Ball, location: 2F
Error on foul ball, E2
0-2: SINGLE (Line Drive, 78M)
Batting: LHB A.J. Major 0-0: Ball
1-0: Called Strike
1-1: Ball
2-1: Foul Ball, location: 2F
2-2: DOUBLE (Line Drive, 9LD)
Juan Barrera to third
Batting: RHB Juan Vareas 0-0: Ground out 3-1 (Groundball, 34S)
Juan Barrera scores
A.J. Major to third
Batting: RHB Edward Young 0-0: Called Strike
0-1: Ball
1-1: Ball
Passed Ball!
A.J. Major scores
2-1: Ball
3-1: Base on Balls
Batting: LHB Juan Carlos Sánchez 0-0: Ball
1-0: Swinging Strike
1-1: SINGLE (Flyball, 8RS)
Edward Young to second
Runner from 2nd tries for 3rd, SAFE, no throw or cutoff
Batting: SHB Lee Townsend 0-0: Ball
1-0: Foul Ball, location: 2F
1-1: SINGLE (Groundball, 34D)
Edward Young scores
Juan Carlos Sánchez to second
Runner from 2nd tries for 3rd, SAFE, throw made to third
Batting: RHB Alfonso Huertas 0-0: Called Strike
0-1: Ball
1-1: Ball
2-1: Swinging Strike
2-2: Ball
3-2: Foul Ball, location: 2F
3-2: Strikes out swinging
Batting: LHB Mark Vestal 0-0: Called Strike
0-1: Called Strike
0-2: Strikes out swinging
Top of the 5th over - 3 run(s), 4 hit(s), 1 error(s), 2 left on base; Albuquerque 11 - Mile High 2
BOTTOM OF THE 5TH
Mile High Broncos batting - Pitching for Albuquerque Isotopes : RHP César De La Cruz
Batting: RHB Michael MacDonald 0-0: Called Strike
0-1: Ball
1-1: Foul Ball, location: 2F
1-2: Strikes out swinging
Batting: LHB Tony Báez 0-0: Called Strike
0-1: Ball
1-1: Swinging Strike
1-2: Ball
2-2: Ball
3-2: Base on Balls
Batting: RHB José Herrera 0-0: Foul Ball, location: 2F
0-1: Foul Ball, location: 2F
0-2: Foul Ball, location: 2F
0-2: Ground out U3 (Groundball, 3S)
Tony Báez to second
Batting: LHB Juan Medina 0-0: Ball
1-0: Swinging Strike
1-1: Ball
2-1: Ball
3-1: Base on Balls
Batting: LHB Bill Houston 0-0: Ball
1-0: Called Strike
1-1: Ball
2-1: Ball
3-1: Base on Balls
Tony Báez to third
Juan Medina to second
Batting: RHB Su-kweon Yu 0-0: Ball
1-0: SINGLE (Groundball, 6)
Tony Báez scores
Juan Medina to third
Bill Houston to second
Runner from 3rd tries for Home, SAFE, no throw or cutoff
Batting: SHB Tom Stevens 0-0: Ball
1-0: Called Strike
1-1: Ball
2-1: Foul Ball, location: 2F
2-2: Foul Ball, location: 2F
2-2: DOUBLE (Groundball, 5L)
Bill Houston scores
Su-kweon Yu to third
Runner from 3rd tries for Home, SAFE, throw made at trailing runner, OUT at third!
Bottom of the 5th over - 4 run(s), 2 hit(s), 0 error(s), 0 left on base; Albuquerque 11 - Mile High 6
TOP OF THE 6TH
Albuquerque Isotopes batting - Pitching for Mile High Broncos : RHP Todd Clark
Pitching: RHP Thomas Young
Batting: SHB Tony McLaughlin 0-0: Ball
1-0: Called Strike
1-1: Ball
2-1: Ball
3-1: Foul Ball, location: 2F
3-2: Foul Ball, location: 2F
3-2: Ground out 1-3 (Groundball, 13S)
Batting: RHB Juan Barrera 0-0: Called Strike
0-1: Ball
1-1: Swinging Strike
1-2: Strikes out looking
Batting: LHB A.J. Major 0-0: Ball
1-0: Called Strike
1-1: Ball
2-1: Ball
3-1: DOUBLE (Line Drive, 89M)
Batting: RHB Juan Vareas 0-0: Ball
1-0: Called Strike
1-1: Called Strike
1-2: Ball
2-2: Ball
3-2: Foul Ball, location: 2F
3-2: Foul Ball, location: 2F
3-2: Fly out, F9 (Flyball, 9LM)
Top of the 6th over - 0 run(s), 1 hit(s), 0 error(s), 1 left on base; Albuquerque 11 - Mile High 6
BOTTOM OF THE 6TH
Mile High Broncos batting - Pitching for Albuquerque Isotopes : RHP César De La Cruz
Pitching: RHP Cory Lowe
Batting: RHB Juan Gonzáles 0-0: Ball
1-0: Called Strike
1-1: Swinging Strike
1-2: Strikes out swinging
Batting: RHB Francisco Medina 0-0: Foul Ball, location: 2F
0-1: Ball
1-1: Ball
2-1: Ball
3-1: Called Strike
3-2: Foul Ball, location: 2F
3-2: Strikes out swinging
Batting: RHB Michael MacDonald 0-0: Called Strike
0-1: Foul Ball, location: 2F
0-2: Fly out, F9 (Flyball, 9M)
Bottom of the 6th over - 0 run(s), 0 hit(s), 0 error(s), 0 left on base; Albuquerque 11 - Mile High 6
TOP OF THE 7TH
Albuquerque Isotopes batting - Pitching for Mile High Broncos : RHP Thomas Young
Batting: RHB Edward Young 0-0: Ball
1-0: Called Strike
1-1: Ball
2-1: Foul Ball, location: 2F
2-2: SINGLE (Flyball, 6MD)
Batting: LHB Juan Carlos Sánchez 0-0: 2-RUN HOME RUN (Flyball, 7D), Distance : 375 ft
Batting: SHB Lee Townsend 0-0: Foul Ball, location: 2F
0-1: Fly out, F9 (Flyball, 9D)
Batting: RHB Alfonso Huertas 0-0: Ball
1-0: Ball
2-0: Ball
3-0: Called Strike
3-1: Swinging Strike
3-2: SINGLE (Groundball, 56D)
Batting: LHB Mark Vestal 0-0: Ball
1-0: Ball
2-0: 2-RUN HOME RUN (Line Drive, 89XD), Distance : 397 ft
Pitching: RHP Cristo Canó
Batting: SHB Tony McLaughlin 0-0: Called Strike
0-1: Ground out 4-3 (Groundball, 4)
Batting: RHB Juan Barrera 0-0: Reached on Error, E9 (Flyball, 9M)
Batting: LHB A.J. Major 0-0: Ball
1-0: Foul Ball, location: 2F
1-1: Foul Ball, location: 2F
1-2: Ball
2-2: Ball
3-2: SINGLE (Groundball, 15S) (infield hit)
Juan Barrera to third
Batting: RHB Juan Vareas 0-0: Ball
1-0: Ground out 6-3 (Groundball, 6)
Top of the 7th over - 4 run(s), 5 hit(s), 1 error(s), 2 left on base; Albuquerque 15 - Mile High 6
BOTTOM OF THE 7TH
Mile High Broncos batting - Pitching for Albuquerque Isotopes : RHP Cory Lowe
Batting: LHB Tony Báez 0-0: Called Strike
0-1: Ball
1-1: Called Strike
1-2: Strikes out swinging
Batting: RHB José Herrera 0-0: Called Strike
0-1: Foul Ball, location: 2F
0-2: Strikes out swinging
Batting: LHB Juan Medina 0-0: Ground out 2-3 (Groundball, 23)
Bottom of the 7th over - 0 run(s), 0 hit(s), 0 error(s), 0 left on base; Albuquerque 15 - Mile High 6
TOP OF THE 8TH
Albuquerque Isotopes batting - Pitching for Mile High Broncos : RHP Cristo Canó
Batting: RHB Edward Young 0-0: Swinging Strike
0-1: Foul Ball, location: 2F
0-2: Foul Ball, location: 2F
0-2: Ball
1-2: Ball
2-2: SINGLE (Flyball, 8LS)
Batting: LHB Juan Carlos Sánchez 0-0: Ball
1-0: SINGLE (Groundball, 34D)
Edward Young to second
Runner from 2nd tries for 3rd, SAFE, no throw or cutoff
Batting: SHB Lee Townsend 0-0: Swinging Strike
0-1: Foul Ball, location: 2F
0-2: Foul Ball, location: 2F
0-2: Ball
1-2: Strikes out swinging
Batting: RHB Alfonso Huertas 0-0: Swinging Strike
0-1: Swinging Strike
0-2: Foul Ball, location: 2F
0-2: Strikes out looking
Batting: LHB Mark Vestal 0-0: Called Strike
0-1: Fielders Choice at 2nd, 6-4 (Groundball, 6)
Top of the 8th over - 0 run(s), 2 hit(s), 0 error(s), 1 left on base; Albuquerque 15 - Mile High 6
BOTTOM OF THE 8TH
Mile High Broncos batting - Pitching for Albuquerque Isotopes : RHP Cory Lowe
Pitching: LHP Cris Quezada
Now at 2B: Jorge Ramírez
Batting: LHB Bill Houston 0-0: Ball
1-0: Swinging Strike
1-1: Ball
2-1: Fly out, F7 (Flyball, 7M)
Batting: RHB Su-kweon Yu 0-0: Ball
1-0: Ball
2-0: Called Strike
2-1: Called Strike
2-2: Ground out 1-3 (Groundball, 25)
Batting: SHB Tom Stevens 0-0: Ball
1-0: Ball
2-0: Foul Ball, location: 2F
2-1: Foul Ball, location: 2F
2-2: Foul Ball, location: 2F
2-2: SINGLE (Groundball, 34)
Batting: RHB Juan Gonzáles 0-0: Called Strike
0-1: Ball
1-1: Ball
2-1: Ball
3-1: Base on Balls
Tom Stevens to second
Batting: RHB Francisco Medina 0-0: Ball
1-0: Ball
2-0: Ball
3-0: Called Strike
3-1: Base on Balls
Tom Stevens to third
Juan Gonzáles to second
Batting: RHB Michael MacDonald 0-0: Ball
1-0: Foul Ball, location: 2F
1-1: Called Strike
1-2: SINGLE (Line Drive, 89S)
Tom Stevens scores
Juan Gonzáles to third
Francisco Medina to second
Runner from 3rd tries for Home, SAFE, no throw or cutoff
Batting: LHB Tony Báez 0-0: DOUBLE (Line Drive, 9LD)
Francisco Medina scores
Michael MacDonald to third
Runner from 3rd tries for Home, SAFE, no throw or cutoff
Pitching: LHP Dave Rice
Batting: RHB José Herrera 0-0: Swinging Strike
0-1: Ball
1-1: SINGLE (Flyball, 7LM)
Tony Báez to third
Runner from 3rd tries for Home, SAFE, no throw or cutoff
Batting: LHB Juan Medina 0-0: Ball
1-0: Fly out, F9 (Line Drive, 9M)
Bottom of the 8th over - 5 run(s), 4 hit(s), 0 error(s), 1 left on base; Albuquerque 15 - Mile High 11
TOP OF THE 9TH
Albuquerque Isotopes batting - Pitching for Mile High Broncos : RHP Cristo Canó
Batting: SHB Tony McLaughlin 0-0: Called Strike
0-1: SINGLE (Groundball, 4MD)
Batting: RHB Juan Barrera 0-0: Ball
1-0: Ball
2-0: Sac Bunt - play at first, batter OUT! 3-4
Tony McLaughlin to second
Batting: LHB A.J. Major 0-0: Called Strike
0-1: Ball
1-1: Foul Ball, location: 2F
1-2: Ball
2-2: Ball
3-2: Base on Balls
Batting: RHB Juan Vareas 0-0: Ball
1-0: Ball
2-0: Ball
3-0: Called Strike
3-1: Called Strike
3-2: Foul Ball, location: 2F
3-2: Base on Balls
Tony McLaughlin to third
A.J. Major to second
Pitching: RHP Tony Guerrero
Batting: RHB Edward Young 0-0: Ball
1-0: Called Strike
1-1: Ball
2-1: SINGLE (Groundball, 56D) (infield hit)
Tony McLaughlin scores
A.J. Major to third
Juan Vareas to second
Batting: LHB Juan Carlos Sánchez 0-0: Swinging Strike
0-1: Ball
1-1: Called Strike
1-2: Ball
2-2: Fly out, F8 (Flyball, 8LXD)
Runner from 3rd tags up, SCORES, no throw
Batting: SHB Lee Townsend 0-0: Fly out, F9 (Flyball, 89S)
Top of the 9th over - 2 run(s), 2 hit(s), 0 error(s), 2 left on base; Albuquerque 17 - Mile High 11
BOTTOM OF THE 9TH
Mile High Broncos batting - Pitching for Albuquerque Isotopes : LHP Dave Rice
Now at 3B: Donald Camp
Now in CF: Roberto Pérez
Batting: LHB Bill Houston 0-0: Foul Ball, location: 2F
0-1: Ball
1-1: Ball
2-1: Fly out, F7 (Flyball, 7S)
Batting: RHB Su-kweon Yu 0-0: Hit by Pitch
Batting: SHB Tom Stevens 0-0: Called Strike
0-1: Ball
1-1: Ball
2-1: Fly out, F7 (Flyball, 78S)
Batting: RHB Juan Gonzáles 0-0: Hit by Pitch
Su-kweon Yu to second
Batting: RHB Francisco Medina 0-0: Called Strike
0-1: Foul Ball, location: 2F
0-2: Ball
1-2: Ball
2-2: Fielders Choice at 2nd, 5-4 (Groundball, 56)
Bottom of the 9th over - 0 run(s), 0 hit(s), 0 error(s), 1 left on base; Albuquerque 17 - Mile High 11
This league is powered by Out of the Park Baseball, the baseball management simulation game for PC, Mac and Linux
Saturday, April 9th, 2016 - OOTP Baseball 16.8 Build 38